cohdb
Replays
Latest Replays
All Replays
Popular Replays
Top Player Replays
Match Explorer
How It Works
Community
CoH3 Stats
Reddit
Sign in to upload your games and track your stats! →
Sign in with Steam
Match 37307380
Unlisted
Match 37307380
Overview
Messages
Build Orders
End
Kradschützen Motorcycle Team
250 Light Carrier
Panzerpioneer Squad
250 Light Carrier
Construct Light Support Kompanie
Combat Half-tracks
Selects Armored Support Battlegroup
Selects Veteran Gunners
Construct Mechanized Kompanie
Vehicle Survival Package
Assault Mechanized Group
8 Rad Armored Car
Support Armor Elements
Emergency Repair Kits
Marder III Tank Destroyer
Rapid Advance
Selects Flammpanzer III Medium Tank
Flammpanzer III Medium Tank
254 Reconnaissance Tractor
Advanced Optics
Flammpanzer III Medium Tank
Flammpanzer III Medium Tank
Tungsten Core Ammunition
Selects Salvage Kits
Selects Panzer Storm
Flammpanzer III Medium Tank
CPU - VERY EASY
Akaxiya
CATHAT
Kembool
0
0
Comments
sign in to comment!
No comments posted yet!